 Dungeon Crawl Stone Soup version 0.31-a0-1242-g57893ffec4 (webtiles) character file.

Game seed: 4704634091893172322

46 James the Ruffian (level 3, -1/33 HPs)
             Began as a Troll Gladiator on Dec 16, 2023.
             Splashed by a jelly's acid (5 damage)
             ... on level 2 of the Dungeon.
             The game lasted 00:02:23 (1185 turns).

James the Ruffian (Troll Gladiator)                 Turns: 1185, Time: 00:02:24

Health: -1/33      AC: -4    Str: 24    XL:     3   Next: 44%
Magic:  2/2        EV: 10    Int:  4    God:
Gold:   119        SH:  0    Dex: 11    Spells: 2/2 levels left

rFire   . .          .
                       - Unarmed
rCold   . . .        (no shield)
rNeg    . . .        a - +0 robe
rPois   .            b - +0 hat
rElec   .            (no cloak)
rCorr   .            (gloves unavailable)
SInv    .            (boots unavailable)
Will    .....        (no amulet)
Stlth   +            (no ring)
HPRegen 1.05/turn    (no ring)
MPRegen 0.08/turn

%: no passive effects
@: corroded
A: large, unfitting armour, claws 3, regeneration 1, shaggy fur 1, tough skin 1
a: no special abilities


You were on level 2 of the Dungeon.
You visited 1 branch of the dungeon, and saw 2 of its levels.

You collected 119 gold pieces.

Inventory:

Hand Weapons
 q - a +0 spear
   (You found it on level 2 of the Dungeon)
Missiles
 c - 3 throwing nets (quivered) {!f}
 d - 6 large rocks
 t - 2 curare-tipped darts {!f}
Armour
 a - a +0 robe (worn)
 b - a +0 hat (worn)
 f - a +0 kite shield
   (You found it on level 1 of the Dungeon)
 n - a +0 robe
   (You found it on level 2 of the Dungeon)
 r - a +0 robe
   (You found it on level 2 of the Dungeon)
Talismans
 h - a beast talisman
   (You found it on level 1 of the Dungeon)
Scrolls
 e - 2 scrolls of teleportation {unknown}
 m - a scroll of butterflies {unknown}
 s - 2 scrolls of fog {unknown}
Potions
 g - a potion of invisibility {unknown}
 i - a potion of cancellation {unknown}
 j - a potion of mutation {unknown}
 k - a potion of brilliance {unknown}
 l - a potion of attraction {unknown}
 o - a potion of heal wounds {unknown}
 p - a potion of lignification {unknown}
 u - a potion of curing {unknown}


   Skills:
 - Level 1.5 Fighting
 - Level 1.7 Throwing
 - Level 2.4 Dodging
 + Level 4.5 Unarmed Combat


You had 2 spell levels left.
You didn't know any spells.
Your spell library was empty.

Dungeon Overview and Level Annotations

Branches:
Dungeon (2/15)

Altars:
Dithmenos
Kikubaaqudgha
Nemelex Xobeh
Qazlal
Ru
Vehumet
Yredelemnul


Innate Abilities, Weirdness & Mutations

You are too large for most types of armour.
You have claws for hands.
Your natural rate of healing is unusually fast.
You are covered in fur. (AC +1)
You have tough skin. (AC +1)


Message History

No target in view!
Items here: ( )))))) †††††.
There is an open gate here.
Items here: ( )))))) †††††.
Okay, then.
There is an open gate here.
u - an orange potion You now have 119 gold pieces (gained 8).
Search for what [Enter for "pole", or ? for help]? thro You open the door.
There is an open door here.
A kobold comes into view. It is wielding a +0 dagger.
The kobold shouts!
You barely miss the kobold. Your claw misses the kobold.
The kobold hits you but does no damage.
You barely miss the kobold. The kobold misses you.
You claw the kobold!
You kill the kobold!
You see here a +0 dagger.
You open the door.
A jelly and 2 endoplasms come into view.
The endoplasm quivers.
The jelly quivers.
A jelly and 4 endoplasms come into view.
Found five items.
Found six altars.
The endoplasm quivers. x2
The endoplasm hits the toadstool.
The toadstool is destroyed!
There is an open door here.
The endoplasm hits the fungus.
The fungus begins to die.
The endoplasm quivers.
The endoplasm hits the fungus.
The fungus begins to die.
The endoplasm jiggles.
Something hits the fungus.
Something hits the fungus. x2
You claw the endoplasm!
You kill the endoplasm!
A nearby fungus withers and dies.
Something hits the fungus.
You scratch the jelly.
Your claws burn!
A nearby fungus withers and dies.
The jelly barely misses you.
You scratch the jelly.
Your claws burn!
The jelly hits you. The acid corrodes you!
You are splashed with acid!
You claw the jelly! The acid corrodes you!
Your claws burn!
The jelly hits you.
You are splashed with acid!
* * * LOW HITPOINT WARNING * * *
You scratch the jelly but do no damage.
Your claws burn!
* * * LOW HITPOINT WARNING * * *
The jelly hits you.
* * * LOW HITPOINT WARNING * * *
You are splashed with acid.
You die...

..# ###### ####...# #.#... #.####
######## ##.#..#
.....####?.÷...##.####### #....^.
#.##...##....PP#.#.#....#####...#
#.#######....÷.#.#.#.....##.#....
#.# #.._J÷J#)#'#......'.#.... ..#
#J.....#.#........'...)## ###
#÷.___.#.#........'.#....
#÷..÷J.#@#.......##....##
#....JJJ##......###)#####
#.....J########## #.##### #######
#######....... #####
###....##.#...## #.#.##
##......##...#.##
#.##.###.......###..#.##
#.###.......<..# #..#.## #.#
####.......# #..#.##


You could see 2 jellies and 2 endoplasms.

Vanquished Creatures
  3 dart slugs
  4 endoplasms
  2 giant cockroaches (D:1)
  A goblin (D:2)
  10 kobolds
  2 quokkas
  3 ball pythons (D:1)
  6 bats
  6 frilled lizards
  2 rats
39 creatures vanquished.

Notes
Turn   | Place    | Note
-------+----------+-------------------------------------------
     0 | D:1      | James the Troll Gladiator began the quest for the Orb.
     0 | D:1      | Reached XP level 1. HP: 19/19 MP: 0/0
   171 | D:1      | Reached XP level 2. HP: 22/27 MP: 1/1
   400 | D:1      | Reached skill level 4 in Unarmed Combat
   648 | D:2      | Found a sacrificial altar of Ru.
   833 | D:2      | Reached XP level 3. HP: 33/33 MP: 2/2
  1175 | D:2      | Found an ancient bone altar of Kikubaaqudgha.
  1175 | D:2      | Found a shadowy altar of Dithmenos.
  1175 | D:2      | Found a radiant altar of Vehumet.
  1175 | D:2      | Found a sparkling altar of Nemelex Xobeh.
  1175 | D:2      | Found a basalt altar of Yredelemnul.
  1175 | D:2      | Found a stormy altar of Qazlal.
  1185 | D:2      | Splashed by a jelly's acid

Illustrated notes

Levels and vault maps discovered:
D:1:      heliophobic_arrival_glass_houses, layout_basic, minivault_11
D:2:      cheibrodos_fertilizer, layout_loops_cross, basic_altar

Skill      XL: |  1  2 |
---------------+-------+-----
Unarmed Combat | 4 |  4.5
Fighting       | |  1.5
Throwing       | |  1.7
Dodging        | |  2.4

Action                     || total
---------------------------++-------
  Melee: Unarmed           ||    80
         Punch             ||     2
   Stab: Sleeping          ||     1
 Armour: Robe              ||    43
  Dodge: Dodged            ||    31

Table legend: (Time is in decaauts)
 A = Elapsed time spent in this place.
 B = Non-inter-level travel time spent in this place.
 C = Inter-level travel time spent in this place.
 D = Time resting spent in this place.
 E = Time spent auto-exploring this place.
 F = Levels seen in this place.
 G = Mean time per level.
                   A        B        C        D        E       F      G
               +--------+--------+--------+--------+--------+-----+--------+
         Total |   1179 |   1150 |     29 |      0 |    884 |   2 |  589.5 |
       Dungeon |   1179 |   1150 |     29 |      0 |    884 |   2 |  589.5 |
               +--------+--------+--------+--------+--------+-----+--------+

Top non-repeatable levels by time:
     D:2: 625 daAuts
     D:1: 554 daAuts
